montu, chaotic male human Wizard ----------- ----------- |....|....--- |.........| |..``|``...>| |...o.....| |.........--- |.........| |....|....| |....<....| |-.--------- |...o.....| |..`.|.....| |.........| |....|.....| |......oo.| |..........| |.......of| |....|.....----------------@| |....|....)...[.............| ----------------------------- montu the Thaumaturge Experience level: 6 Strength: 12 Dexterity: 13 Constitution: 12 Intelligence: 18 Wisdom: 10 Charisma: 11 Health: 0(53) Energy: 39(50) Def: 1 Gold: 360 Moves: 3821 Dungeon seed: mOnYwWJ6_otnNIGs Game ID: montu_1705268425 Your Inventory: Coins $ - 360 gold pieces Weapons a - a blessed +1 quarterstaff (weapon in hands) Armor e - an uncursed +0 cloak of magic resistance (being worn) r - a cursed +0 mummy wrapping Scrolls v - 2 uncursed scrolls of scare monster C - a blessed scroll of identify F - an uncursed scroll of identify G - 2 uncursed scrolls of light K - a blessed scroll of amnesia L - a blessed scroll of magic mapping V - 2 uncursed scrolls of earth Potions O - an uncursed potion of levitation R - an uncursed potion of water Rings S - an uncursed ring of poison immunity Wands b - an uncursed wand of striking (0:0) M - an uncursed wand of secret door detection (0:13) U - an uncursed wand of sleep (0:8) Tools h - an uncursed blindfold i - an uncursed leash w - an uncursed magic whistle I - a cursed wax candle (0:400) J - an uncursed tin whistle Gems n - an uncursed worthless piece of yellow glass q - 2 uncursed worthless pieces of green glass Spells and supernatural/magical abilities: Name Level Category Cost Memory a - force bolt 1 attack 6pw 94% m - magic missile 2 attack 12pw 94% u - confuse monster 2 enchantment 16pw 94% G - detect treasure 4 divination 50pw 95% H - speed monster 3 escape 37pw 94% W - pray for help -- divine ? -- Your skills at the end: Fighting Skills wands [Basic] Weapon Skills quarterstaff [Basic] Spellcasting Skills attack spells [Skilled] enchantment spells [Basic] Final Attributes: You were piously aligned. You were magic resistant. You were telepathic. You last prayed 1853 turns ago. Anhur was noncommittal. You are dead. Vanquished creatures: a small mimic a housecat a blue jelly 7 Mordor orcs 3 Uruk-hai 3 yellow lights a gnome lord a kobold mummy a straw golem a paper golem a giant ant a floating eye a kitten 2 dwarves 2 rothes a centipede a monkey a wererat an iguana an acid blob a coyote a hobbit 2 manes a large kobold 3 giant rats 3 cave spiders a yellow mold 3 green molds 5 garter snakes a gnome zombie 4 geckos 7 jackals 3 foxes a kobold 2 goblins 3 sewer rats a grid bug 2 lichens 2 kobold zombies 4 newts 82 creatures vanquished. Voluntary challenges: You had been an atheist until turn 1965. You used a wielded weapon 75 times, starting on turn 218. You read items or engraved 19 times, starting on turn 744. You never genocided any monsters. You never polymorphed an object. You never changed form. You used no wishes. You never split a pudding. You never wrote Elbereth's name. You never violated your personal moral code. Dungeon overview: The Dungeons of Doom: levels 1 to 6 Level 1 a long staircase Level 2 a fountain Level 3 a scroll shop, a fountain, a vault Level 4 a fountain a long staircase Level 5 many fountains Level 6 a fountain, a vault stairs to Sokoban Sokoban: levels 4 to 5 Level 4 <- You were here Solved Level 5 Solved stairs to The Dungeons of Doom History has recorded: On T:1 you entered the Dungeons of Doom to retrieve the Amulet of Yendor! On T:414 you reached level 2 of The Dungeons of Doom. On T:417 you advanced to experience level 2. On T:942 you reached level 3 of The Dungeons of Doom. On T:962 you advanced to experience level 3. On T:1259 you advanced to experience level 4. On T:1384 you reached level 4 of The Dungeons of Doom. On T:1736 you reached level 5 of The Dungeons of Doom. On T:1761 you advanced to experience level 5. On T:2067 you advanced to experience level 6. On T:2335 you reached level 6 of The Dungeons of Doom. On T:2609 you reached level 4 of Sokoban. On T:3097 you reached level 3 of Sokoban. Score breakdown: Gold: 360 ( 8699 points) Experience: 6 levels (12456 points) Exploration: 6 levels ( 13.04%) (10000 points) Discoveries: 16 items ( 5.37%) ( 6951 points) Valuables value: (no points given unless you survive) Artifact value: 0 ( 0 points) Variety of kills: 40 monsters ( 10.53%) ( 9733 points) Turncount: 3821 turns ( -957 points) Survival: died (score multiplied by 80%) Total score: 37505 Latest messages: The Uruk-hai puts on a ring. The Uruk-hai shoots 2 poisoned crude arrows! The 1st poisoned crude arrow hits the Uruk-hai. The Uruk-hai isn't poisoned. The 2nd poisoned crude arrow hits the Uruk-hai. The Uruk-hai isn't poisoned. The wand hits the Uruk-hai! (2x) The housecat bites! You feel an absence of magical power. The Uruk-hai hits! The housecat bites! You faint from lack of food. The housecat bites! The Uruk-hai hits! The housecat bites! (2x) The Uruk-hai hits! The Uruk-hai shoots a poisoned crude arrow! The poisoned crude arrow hits the Uruk-hai. The Uruk-hai isn't poisoned. The housecat bites! (2x) The Uruk-hai hits! The housecat bites! (2x) You die... Final status: Goodbye montu the Wizard, killed by a housecat, while fainted from lack of food... You died in Sokoban on dungeon level 4 with 37505 points, and 360 pieces of gold, after 3821 moves. You were level 6 with a maximum of 53 hit points when you died.